 Dungeon Crawl Stone Soup version 0.32-a0-928-g1cae6b7ea0 (webtiles) character file.

Game seed: 3390016281846302135

7 yey the Trooper (level 2, -8/1 (4) HPs)
             Began as a Coglin Chaos Knight on Apr 12, 2024.
             Was a Plaything of Xom.
             Killed from afar by a white imp (9 damage)
             ... with a puff of frost
             ... summoned by Xom
             ... on level 1 of the Dungeon.
             The game lasted 00:05:23 (12906 turns).

yey the Trooper (Coglin Chaos Knight)              Turns: 12906, Time: 00:05:23

HP:   -8/1 (4)      AC:  5    Str: 11 (12) XL:     2   Next: 4%
MP:   2/2           EV: 10    Int: 11      God:    Xom [*.....]
Gold: 0             SH:  0    Dex:  9 (13) Spells: 1/1 levels left

rFire   . . .        d - +5 morningstar (protect) {Lucius}
rCold   . . .        (no shield)
rNeg    . . .        a - +2 leather armour
rPois   .            (no helmet)
rElec   .            (no cloak)
rCorr   .            (no gloves)
SInv    .            (no boots)
Will    .....        (amulet unavailable)
Stlth   +            (ring unavailable)
HPRegen 0.20/turn    (ring unavailable)
MPRegen 0.08/turn    (no gizmo)

%: no passive effects
@: extremely drained, bezotted, revving
A: off-hand wielding, slow wielding, warmup strikes, no jewellery
a: Invent Gizmo, Renounce Religion


You were on level 1 of the Dungeon.
You worshipped Xom.
You were a special plaything of Xom.
You visited 1 branch of the dungeon, and saw 1 of its levels.

Inventory:

Hand Weapons
 c - the +3 greatsling "Punk" {acid, rCorr}
   (Xom gifted it to you on level 1 of the Dungeon)

   rCorr:     It protects you from acid and corrosion.
 d - a +5 morningstar of protection (weapon) {Lucius}
Armour
 a - a +2 leather armour (worn)
Wands
 e - a wand of quicksilver (2)


   Skills:
 + Level 3.1 Fighting
 + Level 2.0 Armour
 + Level 1.1 Dodging
 + Level 2.8 Unarmed Combat


You had one spell level left.
You didn't know any spells.
Your spell library was empty.

Dungeon Overview and Level Annotations

Branches:
Dungeon (1/15) Zot: 93

Altars:


Innate Abilities, Weirdness & Mutations

You can wield a second weapon in your off-hand.
It takes a long time for you to wield or remove held weapons.
Your first few attacks do less damage.
You cannot equip rings or amulets.


Message History

Done waiting.
Unknown command.
You start waiting.
Done waiting.
You start waiting.
Done waiting.
Unknown command.
You start waiting.
Done waiting.
Zot draws nearer.
Dive deeper or flee this branch before you suffer!
Okay, then.
Unknown command.
You start waiting.
Done waiting.
Unknown command.
You start waiting.
Xom's power touches on you for a moment.
You feel weakened.
Unknown command.
You start waiting.
Done waiting.
Unknown command.
You start waiting.
Done waiting.
You start waiting.
Zot has nearly found you.
Suffering is imminent.
Descend or flee this branch!
You start waiting.
You hear Xom's maniacal laughter.
Unknown command.
Okay, then.
Unknown command.
You closely miss the shadow imp. The shadow imp barely misses you.
The white imp closely misses you.
Unknown command.
You closely miss the white imp.
The shadow imp hits you but does no damage.
The white imp gestures at you. The puff of frost hits you!
Ouch! That really hurt!
You die...

.., *#### #.# *,* *,,
.#**,* #.# , *,, .###.#
##+## *,* **, .....#
##...## * ** .#####
##..[..## * , *
.#.######...>...## *,,.*
.......#.........####....#
**** *
...............5.+†.......
,,,
...............5@###......
* **** ##......#.......##
,*.#.# * ***
###...###.....## #.# * ,,,
##.## ##...## * ###.#,# *
* .# ##+## #.#...#.# #.#
.# #.# #.J.....# #.# ** *
* #.# ###.##### #.# ##.##
# #.## ##...## #...


You could see a white imp (summoned) and a shadow imp (summoned).

Vanquished Creatures
  2 ball pythons (D:1)
  A bat (D:1)
  An endoplasm (D:1)
  A hobgoblin (D:1)
  A quokka (D:1)
6 creatures vanquished.

Notes
Turn   | Place    | Note
-------+----------+-------------------------------------------
     0 | D:1      | yey the Coglin Chaos Knight began the quest for the Orb.
     0 | D:1      | Reached XP level 1. HP: 18/18 MP: 1/1
   254 | D:1      | XOM: divination: detect creatures
   912 | D:1      | XOM: divination: detect items
   938 | D:1      | XOM: noise
  1347 | D:1      | XOM is BORED!
  1347 | D:1      | XOM: 1-stop teleportation journey
  1355 | D:1      | XOM: noise
  1434 | D:1      | XOM: noise
  1911 | D:1      | XOM: 1-stop teleportation journey
  2003 | D:1      | XOM: 1-stop teleportation journey
  2026 | D:1      | Reached skill level 1 in Dodging
  2129 | D:1      | XOM: 9-stop teleportation journey
  2638 | D:1      | XOM: 8-stop teleportation journey
  2684 | D:1      | XOM: silly message
  2845 | D:1      | XOM: noise
  2985 | D:1      | XOM: 2-stop teleportation journey
  3013 | D:1      | XOM: noise
  3098 | D:1      | Reached XP level 2. HP: 20/24 MP: 2/2
  3133 | D:1      | XOM: silly message
  3192 | D:1      | XOM: silly message
  3223 | D:1      | XOM: silly message
  3556 | D:1      | XOM: divination: magic mapping
  4063 | D:1      | XOM: summons 2 hostile demons
  4084 | D:1      | XOM: 1-stop teleportation journey
  4516 | D:1      | XOM: 3-stop teleportation journey
  4658 | D:1      | XOM: 1-stop teleportation journey
  5002 | D:1      | Glimpsed the power of Zot.
  5039 | D:1      | XOM: 2-stop teleportation journey
  5502 | D:1      | Glimpsed the power of Zot.
  5868 | D:1      | XOM: scenery: 1 doors open
  5902 | D:1      | Glimpsed the power of Zot.
  6002 | D:1      | Touched by the power of Zot (MHP 24 -> 17)
  6003 | D:1      | Glimpsed the power of Zot.
  6332 | D:1      | XOM: scenery: 1 doors close
  6503 | D:1      | Glimpsed the power of Zot.
  6789 | D:1      | XOM: god gift: +3 greatsling "Punk" {acid, rCorr}
  6790 | D:1      | Found the +3 greatsling "Punk" {acid, rCorr}
  6903 | D:1      | Glimpsed the power of Zot.
  7002 | D:1      | Touched by the power of Zot (MHP 17 -> 12)
  7003 | D:1      | Glimpsed the power of Zot.
  7261 | D:1      | XOM: scenery: 1 doors open
  7461 | D:1      | XOM: god gift: +5 morningstar of protection
  7503 | D:1      | Glimpsed the power of Zot.
  7673 | D:1      | XOM is BORED!
  7673 | D:1      | XOM: summons 2 hostile shadow creatures
  7680 | D:1      | XOM: draining
  7901 | D:1      | Glimpsed the power of Zot.
  7964 | D:1      | XOM: divination: detect items
  8001 | D:1      | Touched by the power of Zot (MHP 9 -> 4)
  8002 | D:1      | Glimpsed the power of Zot.
  8197 | D:1      | XOM: torment (3/4 hp)
  8253 | D:1      | XOM is BORED!
  8253 | D:1      | XOM: noise
  8502 | D:1      | Glimpsed the power of Zot.
  8878 | D:1      | XOM: god gift: wand of quicksilver (5)
  8902 | D:1      | Glimpsed the power of Zot.
  9001 | D:1      | Touched by the power of Zot (MHP 4 -> 1)
  9002 | D:1      | Glimpsed the power of Zot.
  9068 | D:1      | XOM: cloud trail
  9289 | D:1      | XOM: 1-stop teleportation journey
  9502 | D:1      | Glimpsed the power of Zot.
  9581 | D:1      | XOM is BORED!
  9902 | D:1      | Glimpsed the power of Zot.
  9904 | D:1      | XOM: summons 2 hostile demons
  9905 | D:1      | Noticed a crimson imp
  9910 | D:1      | XOM: god gift: murky sapphire potion {god gift}
 10000 | D:1      | Touched by the power of Zot (MHP 1 -> 1)
 10001 | D:1      | Glimpsed the power of Zot.
 10030 | D:1      | XOM: 1-stop teleportation journey
 10236 | D:1      | XOM: 3-stop teleportation journey
 10501 | D:1      | Glimpsed the power of Zot.
 10502 | D:1      | XOM is BORED!
 10660 | D:1      | XOM: 1-stop teleportation journey
 10811 | D:1      | XOM: silly message
 10901 | D:1      | Glimpsed the power of Zot.
 11000 | D:1      | Touched by the power of Zot (MHP 1 -> 1)
 11001 | D:1      | Glimpsed the power of Zot.
 11258 | D:1      | XOM: 4-stop teleportation journey
 11421 | D:1      | XOM: god gift: orange potion {god gift}
 11501 | D:1      | Glimpsed the power of Zot.
 11545 | D:1      | XOM is BORED!
 11613 | D:1      | XOM: scenery: 3 doors open
 11881 | D:1      | XOM: cloud trail
 11900 | D:1      | Glimpsed the power of Zot.
 12000 | D:1      | Touched by the power of Zot (MHP 1 -> 1)
 12001 | D:1      | Glimpsed the power of Zot.
 12501 | D:1      | Glimpsed the power of Zot.
 12610 | D:1      | XOM: stat loss: -1 Str (11/12)
 12901 | D:1      | Glimpsed the power of Zot.
 12902 | D:1      | XOM: summons 2 hostile demons
 12906 | D:1      | Killed from afar by a white imp

Illustrated notes

Levels and vault maps discovered:
D:1:      lightli_arrival_flooded_house, layout_loops_corners,
          minmay_shallow_snake_nest

Skill      XL: |  1  2 |
---------------+-------+-----
Dodging        | 1 |  1.1
Armour         | 2 |  2.0
Fighting       | |  3.1
Unarmed Combat | |  2.8

Action                     || total
---------------------------++-------
  Melee: Unarmed           ||    47
         Punch             ||     1
         Morningstar       ||     8
  Evoke: Wand              ||     3
    Use: Scroll            ||     2
         Potion            ||     2
 Armour: Leather armour    ||    71
  Dodge: Dodged            ||    60

Table legend: (Time is in decaauts) A = Elapsed time spent in this place. B = Non-inter-level travel time spent in this place. C = Inter-level travel time spent in this place. D = Time resting spent in this place. E = Time spent auto-exploring this place. F = Levels seen in this place. G = Mean time per level. A B C D E F G +--------+--------+--------+--------+--------+-----+--------+ Total | 12907 | 12907 | 0 | 12747 | 0 | 1 | 12907.0 | Dungeon | 12907 | 12907 | 0 | 12747 | 0 | 1 | 12907.0 | +--------+--------+--------+--------+--------+-----+--------+

Top non-repeatable levels by time:
     D:1: 12907 daAuts
